 Dungeon Crawl Stone Soup version 0.27-b1-16-g6517624069 (webtiles) character file.

Game seed: 2726177509265971859

183 ZARRMARR the Bolt Thrower (level 5, 0/46 HPs)
             Began as a Minotaur Hunter on July 27, 2021.
             Slain by Ijyb (2 damage)
             ... on level 3 of the Dungeon.
             The game lasted 00:15:49 (1696 turns).

ZARRMARR the Bolt Thrower (Minotaur Hunter)         Turns: 1696, Time: 00:15:49

Health: 0/46       AC:  3    Str: 17    XL:     5   Next: 35%
Magic:  4/4        EV: 12    Int:  8    God:
Gold:   118        SH:  0    Dex: 11    Spells: 4/4 levels left

rFire    + . .     SeeInvis .   s - +4 war axe
rCold    . . .     Faith    .   (no shield)
rNeg     . . .     Spirit   .   c - +0 leather armour
rPois    .         Reflect  .   (helmet restricted)
rElec    .         Harm     .   (no cloak)
rCorr    .         Rampage  .   (no gloves)
Will     .....                  (no boots)
Stlth    +.........             h - amulet of the acrobat
HPRegen  0.15/turn              m - ring of protection from fire
MPRegen  0.09/turn              o - +4 ring of protection

@: corroded
A: horns 2, retaliatory headbutt
a: no special abilities


You were on level 3 of the Dungeon.
You visited 1 branch of the dungeon, and saw 3 of its levels.

You collected 118 gold pieces.

Inventory:

Hand Weapons
 a - a +1 hand crossbow
 i - a +0 hunting sling
 s - a +4 war axe (weapon)
 w - a +0 shortbow
Missiles
 d - 21 bolts
 f - 69 stones
 k - 40 arrows
 v - 22 sling bullets
Armour
 c - a +0 leather armour (worn)
Magical Staves
 g - a staff of fire
Jewellery
 h - an amulet of the acrobat (around neck)
 m - a ring of protection from fire (left hand)
 o - a +4 ring of protection (right hand)
 u - a ring of protection from fire
Scrolls
 p - a scroll of vulnerability
 q - a scroll of teleportation
 r - a scroll of acquirement {unknown}
 t - a scroll of identify {unknown}
Potions
 e - a potion of magic {unknown}
 j - a potion of might {unknown}
 l - a potion of ambrosia {unknown}
 n - a potion of flight {unknown}


   Skills:
 + Level 3.9 Fighting
 + Level 1.4 Axes
 + Level 6.3 Crossbows
 + Level 1.3 Armour
 + Level 2.3 Dodging
 + Level 0.7 Stealth


You had 4 spell levels left.
You didn't know any spells.
Your spell library was empty.

Dungeon Overview and Level Annotations

Branches:
Dungeon (3/15)

Altars:

Annotations:
D:3 Ijyb


Innate Abilities, Weirdness & Mutations

You have a pair of horns on your head.
You reflexively headbutt those who attack you in melee.


Message History

a - a +1 hand crossbow (weapon)
You start resting.
HP restored.
Things that are here:
a frilled lizard corpse; a hobgoblin corpse; a centaur corpse You drop a +0 short sword.
d - 4 bolts (gained 1)
You see here a +0 falchion.
d - 5 bolts (gained 1)
d - 6 bolts (gained 1)
d - 10 bolts (gained 4)
You see here a rat corpse.
You now have 97 gold pieces (gained 2).
Found 7 gold pieces.
d - 22 bolts (gained 12)
You now have 111 gold pieces (gained 14).
You now have 118 gold pieces (gained 7).
Ijyb the Twisted Goblin comes into view.
She is wielding a +0 dagger and carrying a wand of acid (8).
Ijyb shouts!
Fire: 22 bolts
Press: ? - help, Q - select action, (/) - cycle Shift-Dir - straight line, f - Ijyb
Aim: Ijyb, wielding a +0 dagger, wearing a +0 scale mail and carrying a wand of acid (8) (62% to hit)
You shoot a bolt. The bolt closely misses Ijyb.
Ijyb zaps a wand.
The bolt of acid hits you!!
You are splashed with acid!
s - a +4 war axe (weapon)
You closely miss Ijyb. Ijyb misses you. You furiously retaliate!
You headbutt Ijyb, but do no damage. You hit Ijyb but do no damage.
Your headbutt misses Ijyb. Ijyb barely misses you. You furiously retaliate!
You headbutt Ijyb! Ijyb hits you with a +0 dagger.
You barely miss Ijyb. You headbutt Ijyb, but do no damage.
Ijyb is heavily wounded.
Ijyb zaps a wand.
The bolt of acid hits you.
* * * LOW HITPOINT WARNING * * *
The acid corrodes you!
You are splashed with acid!
* * * LOW HITPOINT WARNING * * *
You closely miss Ijyb.
Ijyb is heavily wounded.
Ijyb closely misses you. Ijyb hits you with a +0 dagger.
You die...

# #.# .. ####(########
#....g@.....#
#.###.#####.###########
#. #............ #.
#.#.......... #.
#.#.##....... ..
..#.##.....#. #.
#..#.##.....#. #.
.#.#.####.###† .###...
#.# #.


You could see Ijyb.

Vanquished Creatures
  A centaur (D:3)
  Terence (D:3)
  A gnoll (D:1)
  2 adders
  3 dart slugs
  An orc (D:3)
  3 endoplasms
  A giant cockroach (D:1)
  3 goblins
  5 hobgoblins
  8 jackals
  A kobold (D:2)
  2 quokkas
  4 ball pythons
  4 bats
  A frilled lizard (D:3)
  5 rats
46 creatures vanquished.

Notes
Turn   | Place    | Note
-------+----------+-------------------------------------------
     0 | D:1      | ZARRMARR the Minotaur Hunter began the quest for the Orb.
     0 | D:1      | Reached XP level 1. HP: 18/18 MP: 0/0
   183 | D:1      | Reached skill level 5 in Crossbows
   183 | D:1      | Reached XP level 2. HP: 25/25 MP: 1/1
   272 | D:1      | Reached XP level 3. HP: 30/30 MP: 2/2
   372 | D:1      | Found a faded altar of an unknown god.
   816 | D:2      | Reached skill level 1 in Axes
  1451 | D:3      | Noticed Terence
  1456 | D:3      | Killed Terence
  1457 | D:3      | Reached XP level 4. HP: 40/40 MP: 3/3
  1489 | D:3      | Noticed a centaur
  1492 | D:3      | Killed a centaur
  1493 | D:3      | Reached skill level 6 in Crossbows
  1493 | D:3      | Reached XP level 5. HP: 46/46 MP: 4/4
  1515 | D:3      | Reached skill level 1 in Armour
  1690 | D:3      | Noticed Ijyb
  1695 | D:3      | HP: 2/46 [acid (9)]
  1696 | D:3      | Slain by Ijyb

Illustrated notes

Levels and vault maps discovered:
D:1:      dpeg_arrival_rhombi, layout_basic, ebering_ecumenical_altar_ruins,
          minmay_tromino_v2
D:2:      layout_loops_ring
D:3:      layout_loops_ring, marbit_many_paths, minmay_checkerbox, uniq_robin,
          uniq_terence, uniq_ijyb

Skill      XL: |  1  2  3  4  5 |
---------------+----------------+-----
Crossbows      | 5 6 |  6.3
Axes           | 1 |  1.4
Fighting       | 3 |  3.9
Armour         | 1 |  1.3
Dodging        | |  2.3
Stealth        | |  0.7

Action                   |  1- 3 |  4- 6 || total
-------------------------+-------+-------++-------
Melee: War axe           |    18 |    11 ||    29
       Headbutt          |     3 |     3 ||     6
 Fire: Hand crossbow     |    59 |    12 ||    71
  Use: Scroll            |     2 |       ||     2
Armor: Leather armour    |     8 |       ||     8
Dodge: Dodged            |    18 |    13 ||    31
